 Dungeon Crawl Stone Soup version 0.31-a0-675-g238779eb0a (webtiles) character file.

Game seed: 14789364449410788213

8 qw the Shooter (level 2, -1/17 HPs)
             Began as a Gargoyle Hunter on Sept 5, 2023.
             Slain by a ball python (2 damage)
             ... on level 1 of the Dungeon.
             The game lasted 00:00:03 (186 turns).

qw the Shooter (Gargoyle Hunter)                     Turns: 186, Time: 00:00:04

Health: -1/17      AC:  5    Str: 14    XL:     2   Next: 8%
Magic:  2/2        EV:  8    Int:  9    God:
Gold:   29         SH:  0    Dex: 13    Spells: 1/1 levels left

rFire   . . .        a - +0 shortbow
rCold   . . .        (shield currently unavailable)
rNeg    + . .        c - +0 leather armour
rPois   inf          (no helmet)
rElec   +            (no cloak)
rCorr   .            (no gloves)
SInv    .            (no boots)
Will    .....        (no amulet)
Stlth   +            (no ring)
HPRegen 0.22/turn    (no ring)
MPRegen 0.08/turn

%: no passive effects
@: constricted
A: sickness immunity, AC +2, negative energy resistance 1, electricity
resistance, torment resistance 1, petrification resistance
a: no special abilities


You were on level 1 of the Dungeon.
You visited 1 branch of the dungeon, and saw 1 of its levels.

You collected 29 gold pieces.


Innate Abilities, Weirdness & Mutations

You are immune to sickness and miasma.
Your stone body is resilient. (AC +2)
You are immune to poison.
You resist negative energy. (rN+)
You are resistant to electric shocks. (rElec)
You are resistant to unholy torment.
You are immune to petrification.


   Skills:
 - Level 2.1 Fighting
 + Level 4.4 Ranged Weapons
 - Level 1.5 Dodging
 - Level 1.1 Stealth


You had one spell level left.
You didn't know any spells.
Your spell library was empty.

Inventory:

Hand Weapons
 a - a +0 shortbow (weapon)
Armour
 c - a +0 leather armour (worn)
Scrolls
 b - a scroll of butterflies
Potions
 d - a potion of curing {unknown}

Dungeon Overview and Level Annotations

Branches:
Dungeon (1/15)

Altars:


Message History

You kill the ball python!
The hobgoblin barely misses you.
You shoot an arrow. The arrow closely misses the hobgoblin.
The giant cockroach bites you but does no damage.
The hobgoblin hits you but does no damage.
The giant cockroach misses you.
You shoot an arrow.
The arrow hits the hobgoblin but does no damage.
The hobgoblin hits you. The giant cockroach closely misses you.
A ball python comes into view.
The hobgoblin hits you.
You shoot an arrow. The ball python hisses angrily.
The arrow hits the hobgoblin.
You kill the hobgoblin!
The giant cockroach misses you. The giant cockroach closely misses you.
You have reached level 2!
You shoot an arrow. The arrow hits the giant cockroach.
The giant cockroach is heavily wounded.
A quokka comes into view.
The giant cockroach bites you but does no damage.
You shoot an arrow. The arrow hits the giant cockroach.
The giant cockroach is severely wounded.
The giant cockroach closely misses you.
A ball python comes into view.
You shoot an arrow. The ball python hisses angrily.
The arrow hits the giant cockroach!
You kill the giant cockroach!
You hear a shout!
The ball python bites you. The ball python barely misses you.
You shoot an arrow.
The arrow closely misses the ball python.
The ball python misses you. The ball python grabs you.
The ball python constricts you. The quokka bites you.
You shoot an arrow.
The arrow closely misses the ball python.
The ball python bites you. The ball python constricts you.
The quokka barely misses you. The ball python bites you.
You die...

#.#..###.##.#.#
#.#.## #...#%#
..##. ####.#
..# # #.# #...
#.# #... #.#
#.# #.# #@#
#..SrS# #......
#..###.# #..#
.# #... .# ...
.# .# ##


You could see a quokka and 2 ball pythons.

Vanquished Creatures
  A ball python (D:1)
  A giant cockroach (D:1)
  2 hobgoblins (D:1)
  A frilled lizard (D:1)
  3 rats (D:1)
8 creatures vanquished.

Notes
Turn   | Place    | Note
-------+----------+-------------------------------------------
     0 | D:1      | qw the Gargoyle Hunter began the quest for the Orb.
     0 | D:1      | Reached XP level 1. HP: 12/12 MP: 1/1
     0 | D:1      | 0 ||| qw: Version: 0.3-a-75-g829b12e
     0 | D:1      | 0 ||| qw: Game counter: 102
     0 | D:1      | 0 ||| qw: Melee chars always use a shield: true
     0 | D:1      | 0 ||| qw: God list: Okawaru
     0 | D:1      | 0 ||| qw: Allow faded altars: false
     0 | D:1      | 0 ||| qw: Do Orc after clearing Dungeon:15 true
     0 | D:1      | 0 ||| qw: Do second Lair branch before Depths: true
     0 | D:1      | 0 ||| qw: Lair rune preference: random
     0 | D:1      | 0 ||| qw: Goals: Normal
     0 | D:1      | 0 ||| PLANNING D:1-11
   182 | D:1      | Reached XP level 2. HP: 8/17 MP: 2/2
   185 | D:1      | HP: 4/17 [quokka (3)]
   186 | D:1      | HP: 1/17 [constriction (1)]
   186 | D:1      | Slain by a ball python

Levels and vault maps discovered:
D:1:      roderic_chinese_lattice_arrival, layout_loops_ring, minmay_bisected

Action                     || total
---------------------------++-------
   Fire: Shortbow          ||    22
 Armour: Leather armour    ||    10
  Dodge: Dodged            ||    13

Table legend:
 A = Non-vault XP
 B = Vault XP
 C = Vault XP percentage of total XP
 D = Non-vault monster count
 E = Vault monster count
 F = Vault count percentage of total count
                 A         B        C        D         E       F
            +---------+---------+-------+---------+---------+-------
      Total |      10 |       2 |  16.7 |       7 |       1 |  12.5
            +---------+---------+-------+---------+---------+-------
        D:1 |      10 |       2 |  16.7 |       7 |       1 |  12.5
            +---------+---------+-------+---------+---------+-------
